 Dungeon Crawl Stone Soup version 0.24.0-123-gd5b16e6ec5 (webtiles) character file.

Game seed: 11915782999753517967, levelgen mode: deterministic

53 Gabryszard the Covered (level 3, -1/23 HPs)
             Began as a Gargoyle Fighter on Jan 6, 2020.
             Slain by a gnoll (2 damage)
             ... on level 2 of the Dungeon.
             The game lasted 00:07:56 (1819 turns).

Gabryszard the Covered (Gargoyle Fighter)           Turns: 1819, Time: 00:07:57

Health: -1/23      AC: 11    Str: 25    XL:     3   Next: 89%
Magic:  3/3        EV:  7    Int:  8    God:
Gold:   45         SH:  9    Dex:  9    Spells: 2/2 levels left

rFire    . . .     SeeInvis .   a - +0 flail
rCold    . . .     Gourm    .   c - +0 shield
rNeg     + . .     Faith    .   b - +0 scale mail
rPois    ∞         Spirit   .   (no helmet)
rElec    +         Reflect  .   (no cloak)
rCorr    .         Harm     .   (no gloves)
MR       .....                  o - +0 pair of boots
Stlth    ..........             (no amulet)
HPRegen  0.07/turn              (no ring)
MPRegen  0.08/turn              (no ring)

@: mighty
A: negative energy resistance 1, electricity resistance, unbreathing,
petrification resistance, rot immunity, AC +3
a: no special abilities


You were on level 2 of the Dungeon.
You were not hungry.

You visited 1 branch of the dungeon, and saw 2 of its levels.

You collected 45 gold pieces.

Inventory:

Hand Weapons
 a - a +0 flail (weapon)
Armour
 b - a +0 scale mail (worn)
 c - a +0 shield (worn)
 o - a +0 pair of boots (worn)
Scrolls
 e - 2 scrolls of amnesia {unknown}
 i - 3 scrolls of immolation {unknown}
 k - 2 scrolls of enchant weapon {unknown}
 l - 2 scrolls of remove curse {unknown}
Potions
 g - a potion of berserk rage {unknown}
 h - a potion of lignification {unknown}
 j - a potion of mutation {unknown}
 n - a potion of curing {unknown}
Comestibles
 f - 5 rations
 m - 3 chunks of flesh


   Skills:
 + Level 3.5 Fighting
 + Level 2.5 Maces & Flails
 + Level 4.1 Armour
 + Level 0.5 Dodging
 + Level 3.7 Shields


You had 2 spell levels left.
You didn't know any spells.
Your spell library was empty.

Dungeon Overview and Level Annotations

Branches:
Dungeon (2/15)

Altars:
Gozag
Qazlal
Wu Jian


Innate Abilities, Weirdness & Mutations

You are resistant to torment.
Your stone body is resilient. (AC +3)
You are immune to poison.
You resist negative energy. (rN+)
You are resistant to electric shocks. (rElec)
You can survive without breathing.
You are immune to petrification.
You are immune to rotting.


Message History

You hit the gnoll but do no damage. You block the gnoll's attack.
The gnoll hits you but does no damage. You block the gnoll's attack.
The gnoll barely misses you.
You hit the gnoll.
The gnoll is moderately wounded.
The gnoll hits you but does no damage. The gnoll hits you.
You closely miss the gnoll.
The gnoll is moderately wounded.
The gnoll hits you.
* * * LOW HITPOINT WARNING * * *
The gnoll completely misses you.
You hit the gnoll but do no damage.
The gnoll is lightly wounded.
You block the gnoll's attack. The gnoll hits you but does no damage.
The gnoll hits you.
* * * LOW HITPOINT WARNING * * *
The gnoll barely misses you.
You feel very mighty all of a sudden. The gnoll hits you.
You die...

#.........[..#
#..#####.#..#<#.#.
######.......#
#..#####......#.#. #.......#
#...........#.#.#. #.#.#####
##.#####......#.#.
#.#.########.#####.##.###.#.
#............#........# #.#.
###.#######..#.......####.#.
#÷#.....#g..............##
#.#....gg@............#
##.##########.......##.###
#....#...................#
#....#.###############.#.#
#..÷.#.### #....)....#.#.#
#........# #...........#.#
####.......# #########.###.#
#............ #.........#
#.###......## #.........#


You could see 3 gnolls.

Vanquished Creatures
  An adder (D:2)
  A worm (D:2)
  A dart slug (D:2)
  A leopard gecko (D:1)
  2 giant cockroaches
  6 goblins
  6 hobgoblins
  2 jackals (D:1)
  2 kobolds (D:1)
  2 quokkas (D:2)
  4 bats (D:1)
  4 frilled lizards
  4 rats
36 creatures vanquished.

Notes
Turn   | Place    | Note
-------+----------+-------------------------------------------
     0 | D:1      | Gabryszard the Gargoyle Fighter began the quest for the
                  | Orb.
     0 | D:1      | Reached XP level 1. HP: 14/14 MP: 1/1
   122 | D:1      | Reached XP level 2. HP: 19/19 MP: 2/2
   360 | D:1      | Reached skill level 4 in Armour
   603 | D:1      | Reached XP level 3. HP: 19/23 MP: 3/3
   787 | D:1      | You fall into a shaft and drop 1 floor!
   795 | D:2      | Found a stormy altar of Qazlal.
  1185 | D:2      | Found an ornate altar of the Wu Jian Council.
  1357 | D:2      | Found an opulent altar of Gozag.
  1818 | D:2      | HP: 1/23 [gnoll (2)]
  1819 | D:2      | Slain by a gnoll

Levels and vault maps discovered:
D:1:      nagdon_arrival_zigzag_paths, layout_basic,
          hangedman_abyss_or_decor_stabs, minmay_misc_feat_four_crosses
D:2:      layout_basic, lemuel_crystal_altar, lemuel_coloured_pillars_altar,
          old_standard_altar

Skill      XL: |  1  2 |
---------------+-------+-----
Armour         | 4 |  4.1
Fighting       | |  3.5
Maces & Flails | |  2.5
Dodging        | |  0.5
Shields        | |  3.7

Action                   || total
-------------------------++-------
Melee: Flail             ||   164
  Use: Potion            ||     1
  Eat: Ration            ||     1
       Chunk             ||     1
Armor: Scale mail        ||   111
Dodge: Dodged            ||    68
Block: Shield            ||   125
